 Dungeon Crawl Stone Soup version bcrawl-1.21.2-1-g32d02e0829 (webtiles) character file.

Game seed: 9133607479224854654

11369 Foic the Cleaver (level 11, -2/101 HPs)
             Began as a Minotaur Abyssal Knight on Feb 17, 2020.
             Was a Priest of Lugonu.
             Slain by an orc knight
             ... wielding a +0 great sword
              (22 damage)
             ... in the Orcish Mines.
             The game lasted 00:41:07 (9939 turns).

Foic the Cleaver (Minotaur Abyssal Knight)          Turns: 9939, Time: 00:41:07

Health: -2/101     AC: 13    Str: 20    XL:     11   Next: 48%
Magic:  11/15      EV: 10    Int:  9    God:    Lugonu [***...]
Gold:   665        SH:  8    Dex: 14    Spells: 9/10 levels left

rFire    + + .     SeeInvis +   q - +0 war axe
rCold    + + .     Gourm    .   I - +2 buckler of the Nightingale {rF+ rC+ SInv}
rNeg     . . .     Faith    .   F - +0 chain mail
rPois    +         Spirit   .   (helmet unavailable)
rElec    .         Reflect  .   l - scarf {rC+ rF+}
rCorr    .         Harm     .   (no gloves)
MR       .....     Clarity  +   E - +0 pair of boots
Stlth    ..........             (no amulet)
HPRegen  0.26/turn              g - ring of poison resistance
MPRegen  0.14/turn              u - +4 ring of dexterity

@: lethally poisoned (-2 -> -4)
A: retaliatory headbutt, horns 3, clarity
a: Depart the Abyss, Bend Space, Banish, Renounce Religion


You were in the Orcish Mines.
You worshipped Lugonu.
Lugonu was most pleased with you.
You were not hungry.

You visited 3 branches of the dungeon, and saw 11 of its levels.
You visited the Abyss 1 time.

You collected 665 gold pieces.

Inventory:

Hand Weapons
 a - a +2 hand axe
 b - a +0 hunting sling
 q - a +0 war axe (weapon)
 B - a +0 flail of protection
 C - the +6 quarterstaff of Duaz {crush, Str+4 Dex+3, unknown}
   (You found it on level 6 of the Dungeon)

   It inflicts extra damage upon your enemies.
   It affects your strength (+4).
   It affects your dexterity (+3).
 H - a +2 whip of flaming
 N - a +3 dagger of chaos
Missiles
 c - 10 tomahawks of dispersal (quivered)
 d - 3455 stones
 s - 1058 sling bullets
 x - 87 tomahawks
 O - 2 throwing nets {!f}
Armour
 l - a scarf of resistance (worn)
 p - a +3 leather armour
 r - the cursed +0 scale mail "Qaohoaz" {*Slow rElec rF+ Dex+3}
   (You found it on level 8 of the Dungeon)

   It affects your dexterity (+3).
   It protects you from fire.
   It insulates you from electricity.
   It may slow you when you take damage.
   It has a curse placed upon it.
 E - a +0 pair of boots (worn)
 F - a +0 chain mail (worn)
 I - the +2 buckler of the Nightingale (worn) {rF+ rC+ SInv}
   (Lugonu gifted it to you on level 7 of the Dungeon)

   It protects you from fire.
   It protects you from cold.
   It lets you see invisible.
 P - a +0 troll leather armour
Jewellery
 g - a ring of poison resistance (left hand)
 u - a +4 ring of dexterity (right hand)
 D - an uncursed amulet of the acrobat
Wands
 t - a wand of polymorph (6)
 L - a wand of iceblast (13)
Scrolls
 f - 2 scrolls of identify
 i - 4 scrolls of magic mapping
 k - 8 scrolls of teleportation
 o - 4 scrolls of enchant armour
 v - 3 scrolls of fog {unknown}
 y - a scroll of fear {unknown}
 G - a scroll of blinking {unknown}
 K - a scroll of remove curse
Potions
 h - 4 potions of lignification
 j - 3 potions of mutation
 n - a potion of magic {unknown}
 w - a potion of curing
 z - 2 potions of resistance {unknown}
 A - a potion of agility {unknown}
Miscellaneous
 m - a phial of floods
Comestibles
 e - 16 rations {!d}
 M - 5 chunks of flesh


   Skills:
 * Level 10.6 Fighting
 + Level 10.7 Axes
 + Level 2.4(2.5) Slings
 - Level 1.0(1.7) Throwing
 * Level 9.9 Armour
 + Level 4.9 Dodging
 + Level 2.7 Stealth
 * Level 7.9 Shields
 * Level 7.0 Invocations


You had 9 spell levels left.
You knew the following spells:

 Your Spells              Type           Power        Failure   Level  Hunger
a - Infusion              Chrm           #.......     96%         1    ##.....

Your spell library contained the following spells:

 Spells                   Type           Power        Failure   Level  Hunger
 Apportation              Tloc           #.....       56%         1    ##.....
 Beckoning                Tloc           #.........   88%         3    ####...
 Sandblast                Erth           #.....       96%         1    ##.....
 Slow                     Hex            #.......     96%         1    ##.....
 Summon Butterflies       Summ           #.......     96%         1    ##.....
 Ensorcelled Hibernation  Hex/Ice        #.....       99%         2    ###....
 Tukima's Dance           Hex            #.......     100%        3    ####...
 Iskenderun's Battlesphe  Conj/Chrm      #.......     100%        5    ######.
 Piercing Shot            Chrm           #.........   100%        5    ######.
 Silence                  Hex/Air        #.........   100%        5    ######.
 Borgnjor's Vile Clutch   Necr/Erth      #.........   100%        6    #######
 Darkness                 Hex            #.........   100%        6    #######
 Deflect Missiles         Chrm/Air       #.........   100%        6    #######
 Infestation              Hex/Tmut/Pois  #........    100%        6    #######
 Invisibility             Hex            #.......     100%        6    #######
 Shadow Creatures         Summ           N/A          100%        6    #######
 Discord                  Hex            #.........   100%        8    #######
 Time Stop                Chrm/Tloc      N/A          100%        8    #######


Dungeon Overview and Level Annotations

Branches:
Dungeon (9/12)             Temple (1/1) D:7            Lair (0/6) D:7
    Orc (1/1) D:9
    Elf: Orc:1

Altars:
Ashenzari
Cheibriados
Dithmenos
Elyvilon
Fedhas
Gozag
Hepliaklqana
Kikubaaqudgha
Lugonu
Makhleb
Nemelex Xobeh
Okawaru
Qazlal
Ru
Sif Muna
Trog
Uskayaw
Vehumet
Wu Jian
Xom
Yredelemnul
Zin
The Shining One

Shops:
D:4 :   D:5 (   D:7 *


Innate Abilities, Weirdness & Mutations

You reflexively headbutt those who attack you in melee.
You have a pair of large horns on your head.
You possess an exceptional clarity of mind.


Message History

You hit the troll.
Space bends around the troll.
You headbutt the troll!
The troll is severely wounded.
The troll bites you!
* * * LOW HITPOINT WARNING * * *
You block the troll's attack. The troll misses you.
You slash the troll!
The troll is almost dead.
The troll disappears!
The orc warrior completely misses you.
You barely miss the orc warrior. The orc warrior barely misses you.
You closely miss the orc knight.
The orc wizard looks encouraged for a moment.
Press: ? - help, Shift-Dir - straight line, f - orc knight
Aim: an orc knight, wielding a +0 great sword and wearing a +0 plate armour (translocational energy, chance to defeat MR: 71%)
The orc knight struggles to resist.
You feel somewhat more hungry.
You can no longer corrupt the fabric of space.
Lugonu will no longer gift you items. You block the orc warrior's attack.
The orc hits you but does no damage.
You are poisoned.
The orc knight hits you with a +0 great sword!!
You die...

#........o....#..o.
.......#....o.....o.
....$..$o...o.#..#.o
.$......T..o...###
...#o##.#o....#
..###.oo.#.....#
#.ooo#.......#
##.o###..##.#. #.O@#
### ## ##.## ###


You could see an orc knight, a two-headed ogre, an orc warrior, an orc wizard
(invisible) and 2 orcs.

Vanquished Creatures
  Psyche (D:9)
  A two-headed ogre (D:9)
  Pikel (D:7)
  A cyclops (D:9)
  A freezing wraith (D:9)
  A merfolk (D:9)
  4 trolls (D:9)
  2 hippogriffs (D:9)
  Sigmund (D:6)
  12 yaks
  A basilisk (D:7)
  4 wargs (D:9)
  A soldier ant (D:9)
  2 crocodiles (D:6)
  A water moccasin (D:6)
  4 porcupines (D:7)
  2 black bears
  3 ice beasts
  A sky beast (D:9)
  3 slaves (D:7)
  A necrophage (D:6)
  2 orc warriors
  2 phantoms
  A boggart (D:8)
  5 ogres
  5 centaurs
  5 bullfrogs
  2 big kobolds (D:7)
  A gnoll sergeant (D:6)
  A scorpion (D:6)
  6 killer bees (D:8)
  3 crimson imps
  A centaur zombie (D:4)
  A jelly (D:7)
  2 orc priests
  A bullfrog skeleton (D:5)
  A hound (D:6)
  Ijyb (D:4)
  5 iguanas
  5 orc wizards
  5 worker ants
  A worker ant zombie (D:5)
  10 gnolls
  11 adders
  2 oozes
  A worm (D:4)
  2 adder skeletons (D:7)
  4 dart slugs
  2 leopard geckos
  24 orcs
  5 bats
  3 giant cockroaches
  14 goblins
  7 hobgoblins
  8 jackals
  24 kobolds
  6 quokkas
  3 ball pythons (D:1)
  4 frilled lizards
  10 rats
244 creatures vanquished.

Vanquished Creatures (others)
  An ugly thing (D:9)
  A troll (D:7)
  A basilisk (D:7)
  A bush (D:7)
  3 fungi (D:7)
  22 plants (D:7)
29 creatures vanquished.

Grand Total: 273 creatures vanquished

Notes
Turn   | Place    | Note
-------+----------+-------------------------------------------
     0 | Abyss:1  | Foic the Minotaur Abyssal Knight began the quest for the
                  | Orb.
     0 | Abyss:1  | Reached XP level 1. HP: 19/19 MP: 1/1
     4 | Abyss:1  | Found a corrupted altar of Lugonu.
    35 | Abyss:1  | Noticed an efreet
    36 | D:1      | Escaped the Abyss
   166 | D:1      | Reached XP level 2. HP: 27/27 MP: 2/2
   190 | D:1      | Reached * piety under Lugonu
   581 | D:1      | Reached XP level 3. HP: 34/34 MP: 3/3
  1138 | D:2      | Gained mutation: You are frail. (-10% HP) [potion of
                  | mutation]
  1138 | D:2      | Gained mutation: You occasionally shout uncontrollably at
                  | your foes. [potion of mutation]
  1138 | D:2      | Gained mutation: You are resistant to electric shocks.
                  | (rElec) [potion of mutation]
  1139 | D:2      | Lost mutation: You occasionally shout uncontrollably at
                  | your foes. [potion of mutation]
  1139 | D:2      | Lost mutation: You are frail. (-10% HP) [potion of
                  | mutation]
  1139 | D:2      | Lost mutation: You are resistant to electric shocks.
                  | (rElec) [potion of mutation]
  1139 | D:2      | Gained mutation: You have a pair of large horns on your
                  | head. [potion of mutation]
  1139 | D:2      | Gained mutation: You possess an exceptional clarity of
                  | mind. [potion of mutation]
  1178 | D:2      | Learned a level 1 spell: Infusion
  1273 | D:2      | Reached ** piety under Lugonu
  1657 | D:3      | Reached XP level 4. HP: 30/41 MP: 4/4
  1794 | D:3      | Found a basalt altar of Yredelemnul.
  1804 | D:3      | Found a burning altar of Makhleb.
  1857 | D:3      | Found a faded altar of an unknown god.
  2310 | D:4      | Reached skill level 5 in Fighting
  2310 | D:4      | Reached XP level 5. HP: 38/48 MP: 5/5
  2401 | D:4      | Noticed an ogre
  2417 | D:4      | Killed an ogre
  2417 | D:4      | Reached XP level 6. HP: 30/56 MP: 5/7
  2556 | D:4      | Found Miemox's Book Boutique.
  2601 | D:4      | Found a snail-covered altar of Cheibriados.
  3025 | D:4      | Noticed Ijyb
  3071 | D:4      | Killed Ijyb
  3212 | D:4      | Reached *** piety under Lugonu
  3212 | D:4      | Reached skill level 1 in Slings
  3480 | D:5      | Entered Level 5 of the Dungeon
  3613 | D:5      | Reached XP level 7. HP: 52/62 MP: 8/8
  3657 | D:5      | Reached skill level 5 in Axes
  3667 | D:5      | Found Duyr Jurgh's Weapon Shop.
  3797 | D:5      | Found an opulent altar of Gozag.
  3797 | D:5      | Found a glowing silver altar of Zin.
  3843 | D:6      | Reached skill level 1 in Shields
  3898 | D:6      | Noticed Sigmund
  3923 | D:6      | Reached skill level 1 in Stealth
  3939 | D:6      | Killed Sigmund
  3939 | D:6      | Reached skill level 5 in Armour
  3985 | D:6      | Reached XP level 8. HP: 67/71 MP: 9/9
  4463 | D:6      | Got an ancient quarterstaff
  4569 | D:7      | Noticed a troll
  4578 | D:7      | Banished a troll
  4681 | D:6      | Reached XP level 9. HP: 42/79 MP: 11/11
  5182 | D:7      | Found a shimmering blue altar of Sif Muna.
  5195 | D:6      | Reached **** piety under Lugonu
  5917 | D:7      | Found a staircase to the Ecumenical Temple.
  5982 | D:7      | Found a shimmering altar of Xom.
  5990 | D:7      | Noticed Pikel
  6014 | D:7      | Killed Pikel
  6014 | D:7      | Reached skill level 5 in Shields
  6014 | D:7      | Reached skill level 5 in Invocations
  6050 | D:7      | Received a gift from Lugonu
  6051 | D:7      | Got a steaming buckler {god gift}
  6089 | D:7      | Identified the +2 buckler of the Nightingale {rF+ rC+ SInv}
                  | (Lugonu gifted it to you on level 7 of the Dungeon)
  6134 | D:7      | Reached XP level 10. HP: 89/91 MP: 12/12
  6432 | D:7      | Found a staircase to the Lair.
  6458 | D:7      | Found Noegrar's General Store.
  6630 | Temple   | Entered the Ecumenical Temple
  6962 | D:8      | Found an ornate altar of the Wu Jian Council.
  7007 | D:8      | Got a brightly glowing scale mail
  7008 | D:8      | Identified the cursed +0 scale mail "Qaohoaz" {*Slow rElec
                  | rF+ Dex+3} (You found it on level 8 of the Dungeon)
  7493 | D:8      | Found a sparkling altar of Nemelex Xobeh.
  7675 | D:8      | Found a hazy altar of Hepliaklqana.
  7849 | D:9      | Noticed a red ugly thing
  7851 | D:9      | Banished a red ugly thing
  7931 | D:9      | Found a shimmering altar of Xom.
  8000 | D:9      | Reached skill level 10 in Fighting
  8067 | D:9      | Noticed a cyclops
  8097 | D:9      | Found a staircase to the Orcish Mines.
  8279 | D:9      | Found an ancient bone altar of Kikubaaqudgha.
  8425 | D:9      | Noticed a two-headed ogre
  8434 | D:9      | Killed a two-headed ogre
  8434 | D:9      | Reached XP level 11. HP: 93/100 MP: 14/14
  8482 | D:9      | Reached skill level 10 in Axes
  9126 | D:9      | Noticed Psyche
  9135 | D:9      | Killed Psyche
  9687 | D:9      | Found a bloodstained altar of Trog.
  9792 | D:9      | Killed a cyclops
  9901 | Orc      | Entered the Orcish Mines
  9909 | Orc      | Noticed a two-headed ogre
  9911 | Orc      | Noticed an orc knight
  9918 | Orc      | Noticed an orc sorcerer
  9939 | Orc      | Slain by an orc knight

Skill      XL: |  1  2  3  4  5  6  7  8  9 10 11 |
---------------+----------------------------------+-----
Fighting       | 4 5 6 7 9 10 | 10.6
Armour         | 3 4 5 6 7 9 |  9.9
Axes           | 3 4 5 7 8 9 10 | 10.7
Dodging        | 3 4 |  4.9
Slings         | 1 2 |  2.4
Shields        | 2 3 5 7 |  7.9
Invocations    | 3 4 5 6 7 |  7.0
Stealth        | 1 2 |  2.7
Throwing       | |  1.0

Action                   |  1- 3 |  4- 6 |  7- 9 | 10-12 || total
-------------------------+-------+-------+-------+-------++-------
Melee: Hand axe          |    83 |    67 |   190 |    56 ||   396
       Headbutt          |    15 |    18 |    35 |    37 ||   105
       Spear             |    25 |    54 |       |       ||    79
       Unarmed           |       |     1 |       |       ||     1
       War axe           |       |       |       |   185 ||   185
 Fire: Hunting sling     |       |    13 |       |       ||    13
Invok: Depart the Abyss  |     1 |       |       |       ||     1
       Banish            |       |       |     2 |     2 ||     4
       Bend Space        |       |       |     1 |     2 ||     3
  Use: Scroll            |     4 |     7 |     2 |     1 ||    14
       Potion            |     2 |     5 |     1 |     2 ||    10
 Stab: Sleeping          |       |     1 |     5 |       ||     6
  Eat: Chunk             |     2 |     7 |     8 |     6 ||    23
       Ration            |       |       |       |     2 ||     2
Armor: Leather armour    |    34 |    30 |    28 |       ||    92
       Skin              |       |     4 |       |       ||     4
       Chain mail        |       |       |     3 |    94 ||    97
Dodge: Dodged            |    53 |    66 |    97 |   116 ||   332
Block: Buckler           |       |     8 |    43 |    97 ||   148
